Map: Automaton LE

Players

goblin - Winner!

  • Race: Protoss Protoss
  • Spawn Location: 9:00

Lambo

  • Race: Zerg Zerg
  • Spawn Location: 3:00

Event: 2019 WCS Spring

VOD

Have the link to the VOD?

Description

Time

  • Played on: May 17, 2019, 2:10 p.m.
  • Length: 6:19

All games in this series

Show
View Real Time Build Order
Export as new Build Order

goblin Protoss - Winner!

Build Orders: 1 Gate Expand 

Get SALT Encoding   

  12  0:00  Probe  
  13  0:12  Probe  
  14  0:19  Pylon  
  14  0:24  Probe  
  15  0:33  Probe  
  15  0:38  Gateway  
  15  0:41  Probe  
  16  0:48  Assimilator  
  17  0:52  Probe  
  18  1:04  Probe  
  19  1:21  Nexus  
  19  1:24  Probe  
  20  1:34  Cybernetics Core  
  20  1:37  Probe  
  21  1:43  Assimilator  
  21  1:49  Probe  
  21  1:53  Pylon  
  22  1:58  Probe  
  22  2:01  Stalker  
  22  2:07  Probe  
  26  2:17  Robotics Facility  
  26  2:19  Probe  
  27  2:24  Warp Gate  
  27  2:29  Probe  
  27  2:31  Probe  
  27  2:36  Adept  
  31  2:38  Probe  
  31  2:43  Probe  
  33  2:48  Probe  
  34  2:56  Probe  
  34  2:57  Twilight Council, Warp Prism  
  35  3:00  Probe  
  38  3:17  Gateway  
  39  3:24  Charge, Immortal  
  42  3:52  Gateway  
  42  3:53  Gateway  
  42  3:55  Gateway  
  42  3:56  Gateway  
  42  3:58  Immortal  
  46  4:12  Gateway  
  46  4:16  Gateway  
  46  4:27  Pylon  
  46  4:28  Pylon  
  46  4:40  Pylon  
  46  4:45  Pylon  
  46  4:51  Zealot  
  46  4:52  Zealot x5  
  58  5:13  Zealot x6  
  58  5:14  Zealot  
  72  5:17  Zealot  
  54  5:37  Zealot x5  
  54  5:38  Zealot x2  
  60  5:58  Zealot x4  
  60  5:59  Zealot x2  
  54  6:13  Zealot x2  
Show
View Real Time Build Order
Export as new Build Order

Lambo Zerg 

Build Orders: Hatch First 

Get SALT Encoding   

  12  0:00  Drone  
  13  0:13  Overlord  
  13  0:17  Drone  
  14  0:32  Drone x2  
  16  0:49  Hatchery  
  15  0:52  Drone  
  15  0:56  Drone  
  17  0:59  Drone  
  18  1:11  Extractor  
  17  1:15  Spawning Pool  
  16  1:19  Drone  
  16  1:21  Drone  
  18  1:28  Drone  
  19  1:39  Drone  
  20  1:50  Overlord  
  20  2:01  Queen x2  
  20  2:02  Zergling x4  
  26  2:11  Drone  
  26  2:12  Drone  
  28  2:23  Drone x2  
  30  2:34  Hatchery  
  29  2:37  Pneumatized Carapace  
  29  2:40  Drone  
  30  2:44  Drone  
  30  2:46  Drone  
  30  2:49  Overlord  
  32  2:56  Queen  
  34  2:59  Drone  
  34  3:04  Drone  
  36  3:11  Drone  
  36  3:12  Drone x2  
  39  3:17  Overlord  
  39  3:19  Drone  
  40  3:25  Spore Crawler  
  39  3:28  Drone x2  
  42  3:36  Overlord  
  42  3:38  Queen  
  42  3:40  Drone x2  
  46  3:43  Overlord  
  46  3:48  Roach Warren  
  46  3:50  Drone  
  46  3:53  Overlord  
  46  3:57  Extractor x2  
  46  4:02  Drone x2  
  46  4:03  Drone x3  
  46  4:07  Drone  
  46  4:09  Drone x2  
  52  4:27  Drone  
  52  4:30  Spine Crawler  
  52  4:31  Roach x7  
  66  4:35  Roach x2  
  66  4:38  Overlord  
  70  4:41  Roach  
  72  4:46  Roach x2  
  72  4:48  Roach  
  78  4:53  Roach x2  
  78  4:56  Roach  
  78  4:59  Overlord  
  84  5:01  Roach  
  84  5:04  Roach  
  88  5:09  Roach  
  88  5:12  Overlord  
  90  5:17  Roach x3  
  90  5:19  Roach  
  95  5:23  Roach  
  95  5:25  Roach  
  95  5:27  Roach  
  87  5:30  Roach  
  87  5:31  Roach  
  87  5:33  Roach  
  83  5:35  Roach  
  83  5:38  Roach  
  83  5:41  Roach  
  87  5:43  Roach  
  87  5:49  Roach  
  85  5:50  Roach  
  85  5:51  Roach  
  85  5:56  Roach  
Tags
 
Add a new tag
Caveats
  • Supply blocks, unpowered buildings, or Contaminate may cause inaccurate times.
  • Supply counts are checked every 10 seconds.